 Dungeon Crawl Stone Soup version 0.29.0-11-gd7f09526c8 (webtiles) character file.

Game seed: 5032540589825612297

45 Shayle the Sneak (level 3, -2/22 HPs)
             Began as a Tengu Brigand on Sept 4, 2022.
             Slain by an iguana (12 damage)
             ... on level 2 of the Dungeon.
             The game lasted 00:02:59 (1580 turns).

Shayle the Sneak (Tengu Brigand)                    Turns: 1580, Time: 00:02:59

Health: -2/22      AC:  3    Str: 11    XL:     3   Next: 64%
Magic:  6/6        EV: 12    Int: 13    God:
Gold:   133        SH:  0    Dex: 15    Spells: 4/4 levels left

rFire   . . .      SeeInvis .   a - +2 dagger (elec)
rCold   . . .      Faith    .   (no shield)
rNeg    . . .      Spirit   .   b - +0 robe
rPois   .          Reflect  .   (helmet restricted)
rElec   .          Harm     .   c - +0 cloak
rCorr   .          Rampage  .   (no gloves)
Will    .....                   (boots unavailable)
Stlth   +++.......              (no amulet)
HPRegen 0.07/turn               (no ring)
MPRegen 0.10/turn               (no ring)

@: no status effects
A: beak, talons 3
a: no special abilities


You were on level 2 of the Dungeon.
You visited 1 branch of the dungeon, and saw 2 of its levels.

You collected 133 gold pieces.

Inventory:

Hand Weapons
 a - a +2 dagger of electrocution (weapon)
Missiles
 d - 14 poisoned darts
 e - 3 curare-tipped darts (quivered)
Armour
 b - a +0 robe (worn)
 c - a +0 cloak (worn)
Jewellery
 m - a +4 ring of protection
Scrolls
 h - 3 scrolls of teleportation {unknown}
 i - a scroll of noise {unknown}
 k - a scroll of poison {unknown}
 l - a scroll of identify {unknown}
 n - a scroll of enchant armour {unknown}
 p - a scroll of fog {unknown}
Potions
 f - 3 potions of might {unknown}
 g - a potion of mutation {unknown}
 j - a potion of curing {unknown}
 o - a potion of ambrosia {unknown}


   Skills:
 + Level 2.7 Fighting
 - Level 2.1 Short Blades
 - Level 2.0 Throwing
 + Level 2.2 Dodging
 - Level 4.0 Stealth
 + Level 1.4 Spellcasting


You had 4 spell levels left.
You didn't know any spells.
Your spell library contained the following spells:

 Spells                   Type           Power      Damage    Failure   Level
 Ignite Poison            Fire/Tmut/Pois 0%         N/A       63%         3
 Mephitic Cloud           Conj/Pois/Air  0%         N/A       63%         3
 Freezing Cloud           Conj/Ice/Air   0%         6-21      100%        5


Dungeon Overview and Level Annotations

Branches:
Dungeon (2/15)

Altars:


Innate Abilities, Weirdness & Mutations

You have a beak for a mouth.
You have claws for feet.


Message History

A bat comes into view.
The bat barely misses you. The bat attacks as you move away!
The bat misses you. The bat barely misses you.
You miss the bat. Your kick misses the bat. Your peck misses the bat.
The bat hits you but does no damage.
You barely miss the bat. The bat hits you but does no damage.
Found a robe.
The bat barely misses you. The bat attacks as you move away!
The bat misses you. The bat hits you. The bat closely misses you.
You hit the bat.
You kill the bat!
You see here a bat corpse.
You see here a +0 robe.
You see here a +0 robe.
You see here a bat corpse.
Found 6 stones.
You see here 6 stones.
A worm comes into view.
An iguana comes into view.
The iguana hisses angrily.
The iguana closely misses you. The iguana attacks as you move away!
The iguana bites you. The iguana attacks as you move away!
The iguana bites you but does no damage.
You hit the iguana but do no damage. The iguana bites you.
You hit the iguana. You claw the iguana, but do no damage.
The iguana is lightly wounded.
The iguana closely misses you.
You closely miss the iguana. Your peck misses the iguana.
The iguana is lightly wounded.
The iguana bites you.
You closely miss the iguana. Your kick misses the iguana.
The iguana is lightly wounded.
The iguana barely misses you.
You hit the iguana. You claw the iguana, but do no damage. You peck the iguana.
The iguana is moderately wounded.
The iguana bites you!
Ouch! That really hurt!
You die...

#..............# #
#.######...###. #.####.#
###...### ...#.#
##.......#
#.#####.#.###..........#
#...........#(####...###
######w#####.# .###
#l#.....# .# #@#.#####
.. #.#.# . #####.#.#
#.....#.# #.#####.#
#.......# #########


You could see a worm and an iguana.

Vanquished Creatures
  2 adders (D:2)
  2 dart slugs (D:1)
  3 bats (D:2)
  2 endoplasms
  A giant cockroach (D:2)
  2 hobgoblins
  A quokka (D:1)
  3 ball pythons
  5 kobolds
21 creatures vanquished.

Notes
Turn   | Place    | Note
-------+----------+-------------------------------------------
     0 | D:1      | Shayle the Tengu Brigand began the quest for the Orb.
     0 | D:1      | Reached XP level 1. HP: 12/12 MP: 2/2
   165 | D:1      | Reached XP level 2. HP: 5/17 MP: 3/3
  1147 | D:2      | Reached skill level 1 in Spellcasting
  1341 | D:2      | Reached XP level 3. HP: 22/22 MP: 5/5
  1580 | D:2      | Slain by an iguana

Illustrated notes

Levels and vault maps discovered:
D:1:      minmay_arrival_five_plusses, layout_loops_ring, minmay_liquid_box
D:2:      layout_basic, chequers_ecumenical_altar_grove, minivault_14

Skill      XL: |  1  2 |
---------------+-------+-----
Spellcasting   | 1 |  1.4
Dodging        | 2 |  2.2
Fighting       | |  2.7
Short Blades   | |  2.1
Throwing       | |  2.0
Stealth        | |  4.0

Action                   || total
-------------------------++-------
Melee: Dagger            ||    50
       Kick              ||    11
       Peck              ||     5
       Punch             ||     1
Throw: Dart              ||     1
  Use: Scroll            ||     3
 Stab: Sleeping          ||     1
Armor: Robe              ||    11
Dodge: Dodged            ||    30
